AoeStats
← La piraña de aguas profundas

Arabia

510065998Analyzed
1v1 RM · 21d ago on Sep 29, 2026· 48m 14s· 2 players
Game mode
Random Map
Map size
Tiny (2 player)
Population
200
Speed
Normal
Resources
Standard
Victory
Conquest
Starting age
Dark Age
Ending age
Imperial Age
RankedLock teamsTeams togetherTeam positionsShared explorationLock speedFull tech treeHidden civsTurbo modeCheats
Victory
Defeat
1602
+16
vs
🇦🇺 Mongols · Australia
1605
-16
La piraña de aguas profundas
6:54 Loom
9:14 Feudal Age
9:34 Man-at-Arms
13:17 Double-Bit Axe
20:43 Fletching
23:02 Scale Mail Armor
26:03 Castle Age
23:56 Arson
24:40 Padded Archer Armor
25:19 Gold Mining
26:15 Crossbowman
27:49 Bodkin Arrow
28:10 Chain Mail Armor
27:57 Squires
28:41 Long Swordsman
30:16 Wheelbarrow
29:49 Gambesons
35:52 Hand Cart
36:06 Leather Archer Armor
42:15 Imperial Age
40:30 Ballistics
43:26 Conscription
43:47 Bow Saw
44:12 Thumb Ring
43:59 Arbalester
49:18 Chemistry
Nomad
7:49 Feudal Age
8:57 Double-Bit Axe
9:10 Loom
22:49 Castle Age
35:20 Fletching
40:45 Bodkin Arrow
Connection lost

Rejoining the realm…

Still unreachable

The connection could not be restored.

Session expired

The server has moved on; the page needs a fresh start.